Red Wings vs Rangers
Created - May 5, 2022 at 19:28
Goals
|
| Red Wings |
0 |
0 |
1 |
1 |
| Rangers |
0 |
2 |
1 |
3 |
|
Shots
|
| Red Wings |
3 |
8 |
18 |
29 |
| Rangers |
6 |
7 |
11 |
24 |
|
1st period
No Goal
Penalties :
Richard Panik (NyR) for Hooking (Minor) at 10:39, Magnus Paajarvi (NyR) for Roughing (Minor) at 19:56
2nd period
1. Rangers , Artem Anisimov 11 (Magnus Paajarvi 13, Richard Panik 8) at 2:09
2. Rangers , Ryan Strome 17 (Milan Lucic 42, Sean Couturier 61) at 2:17
Penalties :
Drew Fata (Det) for Hooking (Minor) at 5:39, Jiri Fischer (Det) for Boarding (Minor) at 9:43, Richard Panik (NyR) for Hooking (Minor) at 18:52
3rd period
3. Red Wings , Jiri Fischer 1 (Kris Versteeg 21, Connor Brown 29) at 13:34
4. Rangers , T.J Galiardi 6 (Devante Smith-Pelly 15, Dmitry Kulikov 13) at 19:31 (Empty Net)
Penalties :
No Penalty
Goalie Stats
Robin Lehner (Det), 21 saves from 23 shots - (0.913), L, 29-13-5, 59:05 minutes
Frederik Andersen (NyR), 28 saves from 29 shots - (0.966), W, 23-21-2, 60:00 minutes
Players Stats for Red Wings
Player Name G A P +/- PIM S H SB GA TA FO MP PP MP PK MP
------------------------------------------------------------------------------------
Carson Mcmillan 0 0 0 0 0 0 1 0 0 1 1/1 13:13 0:00 2:29
Connor Brown 0 1 1 0 0 3 1 0 0 0 0/0 15:52 2:44 0:00
David Rundblad 0 0 0 -1 0 1 1 1 0 0 0/0 17:18 1:51 0:38
Drew Fata 0 0 0 -1 2 2 2 0 0 0 0/0 19:54 0:00 0:51
Dylan Larkin 0 0 0 0 0 0 0 0 1 1 4/8 14:36 4:06 0:00
Henrik Zetterberg 0 0 0 -2 0 2 3 2 0 0 15/28 20:19 3:13 0:00
Jakub Kindl 0 0 0 0 0 2 1 3 0 0 0/0 17:07 0:40 1:41
Jiri Fischer 1 0 1 1 2 1 0 2 0 2 0/0 16:24 0:00 0:48
Jordin Tootoo 0 0 0 -1 0 1 0 0 0 0 0/0 9:28 0:00 0:00
Kris Versteeg 0 1 1 1 0 0 1 0 0 0 1/3 18:02 2:44 2:34
Marko Dano 0 0 0 -2 0 2 3 1 1 0 0/2 20:44 3:13 0:21
Michael Haley 0 0 0 -1 0 0 3 0 0 1 0/0 10:30 0:00 1:02
Mike Richards 0 0 0 1 0 0 0 0 0 0 5/8 15:27 2:44 0:00
Nino Niederreiter 0 0 0 -2 0 7 2 1 1 2 0/0 21:03 3:13 0:28
Ole-Kristian Tollefsen 0 0 0 0 0 0 2 0 0 0 0/0 19:10 1:11 2:17
Philip Samuelsson 0 0 0 -2 0 3 0 3 0 0 0/0 25:43 4:06 1:41
Ryane Clowe 0 0 0 0 0 3 0 0 1 0 0/0 10:40 0:00 0:00
T.J. Hensick 0 0 0 -1 0 2 1 1 0 1 2/3 10:30 0:00 1:02
Players Stats for Rangers
Player Name G A P +/- PIM S H SB GA TA FO MP PP MP PK MP
------------------------------------------------------------------------------------
Artem Anisimov 1 0 1 1 0 1 1 0 0 0 0/0 8:52 0:00 0:12
Brett Ponich 0 0 0 -1 0 1 1 3 1 2 0/0 21:36 2:18 3:08
Chris Bourque 0 0 0 -1 0 2 2 0 0 0 0/0 16:38 1:34 0:18
Derrick Pouliot 0 0 0 0 0 0 0 2 0 0 0/0 11:16 0:00 0:32
Devante Smith-Pelly 0 1 1 1 0 0 3 0 1 0 0/0 12:20 0:00 0:00
Dmitry Kulikov 0 1 1 3 0 2 1 2 0 0 0/0 26:53 1:40 2:17
Magnus Paajarvi 0 1 1 1 2 1 1 0 0 0 0/0 8:55 0:00 0:41
Matt Delahey 0 0 0 -1 0 2 1 0 0 0 0/0 21:35 2:18 3:08
Milan Lucic 0 1 1 1 0 5 2 1 1 0 5/9 21:10 2:24 3:39
Morgan Ellis 0 0 0 0 0 1 0 1 0 0 0/0 11:16 0:00 0:32
Patrice Bergeron 0 0 0 -1 0 1 4 0 2 0 4/7 17:39 1:34 1:19
Patrik Nemeth 0 0 0 3 0 1 1 1 1 0 0/0 26:19 1:40 2:17
Richard Panik 0 1 1 2 4 0 2 0 0 0 0/0 9:07 0:00 0:00
Ryan Strome 1 0 1 1 0 2 2 1 1 0 0/2 17:51 2:24 0:00
Sean Couturier 0 1 1 1 0 1 2 0 1 1 15/28 21:10 2:24 3:39
Steve Quailer 0 0 0 -1 0 0 1 0 0 0 0/0 16:20 1:34 0:00
T.J Galiardi 1 0 1 1 0 3 1 0 0 1 0/2 12:35 0:00 0:47
Tomas Hertl 0 0 0 0 0 1 0 1 0 0 1/5 12:28 0:00 1:19
3 Stars
1 - Frederik Andersen (NyR)
2 - Ryan Strome (NyR)
3 - Dmitry Kulikov (NyR)
Power Play
Red Wings - 0 on 3 Attempt(s) - 0.00%
Rangers - 0 on 2 Attempt(s) - 0.00%
Penalty Kill
Red Wings - 2 on 2 Attempt(s) - 100.00%
- Score 0 goal in Penalty Kill
Rangers - 3 on 3 Attempt(s) - 100.00%
- Score 0 goal in Penalty Kill
Team Stat
Red Wings - Hits : 21 - Faceoff Wins : 28 - Blocked Shots : 14 - Penalty Minutes : 4
Rangers - Hits : 25 - Faceoff Wins : 25 - Blocked Shots : 12 - Penalty Minutes : 6
Official
Referees : Trevor Hanson and Dan Kelly
Linesman : Bryan Pancich and Ryan Gibbons
Game Notes
T.J Galiardi has scored in a empty net!
Finance
Level 1 -- Attendance: 5996 (99.93%) -- Ticket Income $599,600
Level 2 -- Attendance: 5000 (100.00%) -- Ticket Income $300,000
Level 3 -- Attendance: 2000 (100.00%) -- Ticket Income $70,000
Level 4 -- Attendance: 4000 (100.00%) -- Ticket Income $100,000
Luxury Box -- Attendance: 950 (95.00%) -- Ticket Income $190,000
Game was played at the Madison Square Garden.
Total Attendance: 17946 (99.70%)
Total Ticket Income: $1,259,600
Other Income: $188,940
Total Income: $1,448,540
Red Wings
5 vs 5 Forward
Center Left Wing Right Wing Time % Phy DF OF
1 Henrik Zetterberg Marko Dano Nino Niederreiter 40 1 2 2
2 Mike Richards Kris Versteeg Connor Brown 30 1 2 2
3 Dylan Larkin Ryane Clowe Carson Mcmillan 20 1 2 2
4 T.J. Hensick Michael Haley Jordin Tootoo 10 1 2 2
5 vs 5 Defense
Defense Defense Time % Phy DF OF
1 Philip Samuelsson Drew Fata 40 1 2 2
2 Jiri Fischer Ole-Kristian Tollefsen 30 1 2 2
3 David Rundblad Jakub Kindl 20 1 2 2
4 David Rundblad Jakub Kindl 10 1 2 2
PowerPlay Forward
Center Left Wing Right Wing Time % Phy DF OF
1 Henrik Zetterberg Marko Dano Nino Niederreiter 60 2 1 2
2 Mike Richards Kris Versteeg Connor Brown 40 2 1 2
PowerPlay Defense
Defense Defense Time % Phy DF OF
1 Philip Samuelsson Dylan Larkin 60 1 2 2
2 David Rundblad Ole-Kristian Tollefsen 40 1 2 2
Penalty Kill 4 Players Forward
Center Wing Time % Phy DF OF
1 Kris Versteeg Carson Mcmillan 60 0 4 1
2 T.J. Hensick Michael Haley 40 0 4 1
Penalty Kill 4 Players Defense
Defense Defense Time % Phy DF OF
1 Ole-Kristian Tollefsen Drew Fata 60 1 4 0
2 Philip Samuelsson Jakub Kindl 40 1 4 0
Penalty Kill - 3 Players Forward
Forward Time % Phy DF OF
1 Carson Mcmillan 60 1 4 0
2 Michael Haley 40 1 4 0
Penalty Kill - 3 Players Defense
Defense Defense Time % Phy DF OF
1 Ole-Kristian Tollefsen Jiri Fischer 60 0 5 0
2 Philip Samuelsson Drew Fata 40 0 5 0
4 vs 4 Forward
Center Wing Time % Phy DF OF
1 Henrik Zetterberg Marko Dano 55 1 2 2
2 Mike Richards Nino Niederreiter 45 1 2 2
4 vs 4 Defense
Defense Defense Time % Phy DF OF
1 Philip Samuelsson Ole-Kristian Tollefsen 60 1 2 2
2 Drew Fata Jiri Fischer 40 1 2 2
Last Minutes Offensive
Center Left Wing Right Wing Defense Defense
Henrik Zetterberg Marko Dano Nino Niederreiter Philip Samuelsson Connor Brown
Last Minutes Defensive
Center Left Wing Right Wing Defense Defense
T.J. Hensick Michael Haley Carson Mcmillan Ole-Kristian Tollefsen Drew Fata
Goaltenders
Starting : Robin Lehner
Backup : Mike McKenna
Extra Forwards
Normal : Dylan Larkin, Connor Brown, Nino Niederreiter - PP : T.J. Hensick, Carson Mcmillan - PK : Nino Niederreiter
Extra Defensemen
Normal : Philip Samuelsson, Drew Fata, Jakub Kindl - PP : Jakub Kindl - PK : Jiri Fischer, Jakub Kindl
Penalty Shots
Kris Versteeg, Dylan Larkin, Marko Dano, Mike Richards, Carson Mcmillan
Scratches
David Krejci (Healthy), Ryan O'Byrne (Broken Bone (Left Ankle) Injury), Tye McGinn (Sports Hernia Injury)
Rangers
5 vs 5 Forward
Center Left Wing Right Wing Time % Phy DF OF
1 Sean Couturier Milan Lucic Ryan Strome 40 1 2 2
2 Patrice Bergeron Chris Bourque Steve Quailer 30 1 2 2
3 Tomas Hertl T.J Galiardi Devante Smith-Pelly 20 1 2 2
4 Artem Anisimov Magnus Paajarvi Richard Panik 10 1 2 2
5 vs 5 Defense
Defense Defense Time % Phy DF OF
1 Dmitry Kulikov Patrik Nemeth 40 1 2 2
2 Matt Delahey Brett Ponich 30 1 2 2
3 Morgan Ellis Derrick Pouliot 20 1 2 2
4 Dmitry Kulikov Patrik Nemeth 10 1 2 2
PowerPlay Forward
Center Left Wing Right Wing Time % Phy DF OF
1 Sean Couturier Milan Lucic Ryan Strome 60 1 2 2
2 Patrice Bergeron Chris Bourque Steve Quailer 40 1 2 2
PowerPlay Defense
Defense Defense Time % Phy DF OF
1 Dmitry Kulikov Patrik Nemeth 60 1 2 2
2 Matt Delahey Brett Ponich 40 1 2 2
Penalty Kill 4 Players Forward
Center Wing Time % Phy DF OF
1 Milan Lucic Sean Couturier 60 1 2 2
2 Patrice Bergeron Tomas Hertl 40 1 2 2
Penalty Kill 4 Players Defense
Defense Defense Time % Phy DF OF
1 Dmitry Kulikov Patrik Nemeth 60 1 2 2
2 Matt Delahey Brett Ponich 40 1 2 2
Penalty Kill - 3 Players Forward
Forward Time % Phy DF OF
1 Milan Lucic 60 1 2 2
2 Sean Couturier 40 1 2 2
Penalty Kill - 3 Players Defense
Defense Defense Time % Phy DF OF
1 Dmitry Kulikov Patrik Nemeth 60 1 2 2
2 Matt Delahey Brett Ponich 40 1 2 2
4 vs 4 Forward
Center Wing Time % Phy DF OF
1 Milan Lucic Sean Couturier 60 1 2 2
2 Patrice Bergeron Tomas Hertl 40 1 2 2
4 vs 4 Defense
Defense Defense Time % Phy DF OF
1 Dmitry Kulikov Patrik Nemeth 60 1 2 2
2 Matt Delahey Brett Ponich 40 1 2 2
Last Minutes Offensive
Center Left Wing Right Wing Defense Defense
Sean Couturier Milan Lucic Ryan Strome Dmitry Kulikov Patrik Nemeth
Last Minutes Defensive
Center Left Wing Right Wing Defense Defense
Sean Couturier Milan Lucic Ryan Strome Dmitry Kulikov Patrik Nemeth
Goaltenders
Starting : Frederik Andersen
Backup : Samuel Montembeault
Extra Forwards
Normal : Devante Smith-Pelly, Richard Panik, T.J Galiardi - PP : Devante Smith-Pelly, Richard Panik - PK : T.J Galiardi
Extra Defensemen
Normal : Morgan Ellis, Derrick Pouliot, Matt Delahey - PP : Morgan Ellis - PK : Derrick Pouliot, Matt Delahey
Penalty Shots
Milan Lucic, Sean Couturier, Patrice Bergeron, Tomas Hertl, Ryan Strome
Scratches
Jonas Brodin (Healthy), Luke Schenn (Healthy), Vince Dunn (Left Hip Injury)
% Time on Ice - Red Wings
Lines # - Real PCT - Wanted PCT - Time Play
Normal Forward
1 - 34% - 40% - 16:49
2 - 25% - 30% - 12:36
3 - 22% - 20% - 10:40
4 - 19% - 10% - 9:28
Normal Defense
1 - 39% - 40% - 19:13
2 - 32% - 30% - 16:01
3 - 20% - 20% - 10:00
4 - 9% - 10% - 4:19
PP Forward
1 - 54% - 60% - 3:13
2 - 46% - 40% - 2:44
PP Defense
1 - 69% - 60% - 4:06
2 - 31% - 40% - 1:51
PK Forward
1 - 74% - 60% - 2:56
2 - 26% - 40% - 1:02
PK Defense
1 - 58% - 60% - 2:17
2 - 42% - 40% - 1:41
PK3 Forward
1 - 0% - 60%
2 - 0% - 40%
PK3 Defense
1 - 0% - 60%
2 - 0% - 40%
44 Forward
1 - 0% - 55%
2 - 0% - 45%
44 Defense
1 - 0% - 60%
2 - 0% - 40%
Last Minute Offensive - 0:32
Last Minute Defensive - 0:00
Total
Forward - 60:00
Defense - 60:00
|
% Time on Ice - Rangers
Lines # - Real PCT - Wanted PCT - Time Play
Normal Forward
1 - 31% - 40% - 15:19
2 - 30% - 30% - 14:46
3 - 23% - 20% - 11:09
4 - 16% - 10% - 8:06
Normal Defense
1 - 37% - 40% - 18:08
2 - 33% - 30% - 16:07
3 - 21% - 20% - 10:26
4 - 9% - 10% - 4:39
PP Forward
1 - 61% - 60% - 2:24
2 - 39% - 40% - 1:34
PP Defense
1 - 42% - 60% - 1:40
2 - 58% - 40% - 2:18
PK Forward
1 - 78% - 60% - 4:38
2 - 22% - 40% - 1:19
PK Defense
1 - 38% - 60% - 2:17
2 - 62% - 40% - 3:40
PK3 Forward
1 - 0% - 60%
2 - 0% - 40%
PK3 Defense
1 - 0% - 60%
2 - 0% - 40%
44 Forward
1 - 0% - 60%
2 - 0% - 40%
44 Defense
1 - 0% - 60%
2 - 0% - 40%
Last Minute Offensive - 0:00
Last Minute Defensive - 0:45
Total
Forward - 60:00
Defense - 60:00
|
Play-by-Play
1st period
0:01 of 1st period - Henrik Zetterberg wins face-off versus Sean Couturier in neutral zone.
0:12 of 1st period - Slapshot by Patrik Nemeth.
0:12 of 1st period - Stopped by Robin Lehner with a rebound.
0:14 of 1st period - Snap shot by Sean Couturier.
0:14 of 1st period - Shot Blocked by Marko Dano.
0:16 of 1st period - Slapshot by Dmitry Kulikov.
0:16 of 1st period - Stopped by Robin Lehner without a rebound.
0:17 of 1st period - Mike Richards wins face-off versus Patrice Bergeron in Red Wings zone.
0:26 of 1st period - Snap shot by Patrice Bergeron.
0:26 of 1st period - Shot Misses the Net.
1:13 of 1st period - Snap shot by Nino Niederreiter.
1:13 of 1st period - Shot Blocked by Morgan Ellis.
1:57 of 1st period - Backhand shot by Steve Quailer.
1:57 of 1st period - Shot Misses the Net.
1:59 of 1st period - Wrist shot by Patrice Bergeron.
1:59 of 1st period - Stopped by Robin Lehner with a rebound.
2:01 of 1st period - Wrist shot by Chris Bourque.
2:01 of 1st period - Shot Misses the Net.
2:10 of 1st period - Off-side.
2:11 of 1st period - Dylan Larkin wins face-off versus Tomas Hertl in neutral zone.
2:36 of 1st period - Jiri Fischer is hit by Patrik Nemeth and loses puck.
2:43 of 1st period - Milan Lucic is hit by Nino Niederreiter and loses puck.
3:02 of 1st period - Snap shot by Steve Quailer.
3:02 of 1st period - Deflect By Patrice Bergeron.
3:02 of 1st period - Shot Misses the Net.
3:02 of 1st period - Puck is out of play.
3:03 of 1st period - Sean Couturier wins face-off versus Henrik Zetterberg in Red Wings zone.
3:43 of 1st period - Michael Haley is hit by Patrice Bergeron and loses puck.
4:04 of 1st period - David Rundblad is hit by Chris Bourque and loses puck.
4:34 of 1st period - Patrice Bergeron is hit by T.J. Hensick and loses puck.
5:01 of 1st period - Wrist shot by Steve Quailer.
5:01 of 1st period - Shot Misses the Net.
5:07 of 1st period - Chris Bourque is hit by Michael Haley and loses puck.
6:01 of 1st period - Wrist shot by Jordin Tootoo.
6:01 of 1st period - Shot Misses the Net.
6:21 of 1st period - T.J. Hensick is hit by Chris Bourque.
6:33 of 1st period - Ole-Kristian Tollefsen is hit by Steve Quailer and loses puck.
7:20 of 1st period - Snap shot by Jordin Tootoo.
7:20 of 1st period - Stopped by Frederik Andersen with a rebound.
8:02 of 1st period - Backhand shot by Patrice Bergeron.
8:02 of 1st period - Shot Blocked by Jiri Fischer.
8:26 of 1st period - Snap shot by Chris Bourque.
8:26 of 1st period - Stopped by Robin Lehner without a rebound.
8:27 of 1st period - Sean Couturier wins face-off versus Henrik Zetterberg in Red Wings zone.
9:20 of 1st period - Wrist shot by Carson Mcmillan.
9:20 of 1st period - Shot Blocked by Brett Ponich.
9:41 of 1st period - Snap shot by Henrik Zetterberg.
9:41 of 1st period - Shot Misses the Net.
9:59 of 1st period - Wrist shot by Connor Brown.
9:59 of 1st period - Shot Blocked by Derrick Pouliot.
10:13 of 1st period - Snap shot by Magnus Paajarvi.
10:13 of 1st period - Stopped by Robin Lehner with a rebound.
10:23 of 1st period - Milan Lucic is hit by Drew Fata.
10:39 of 1st period - Minor Penalty to Richard Panik for Hooking.
10:40 of 1st period - Henrik Zetterberg wins face-off versus Milan Lucic in Rangers zone.
10:53 of 1st period - Wrist shot by Marko Dano.
10:53 of 1st period - Stopped by Frederik Andersen without a rebound.
10:54 of 1st period - Henrik Zetterberg wins face-off versus Milan Lucic in Rangers zone.
11:07 of 1st period - Wrist shot by Nino Niederreiter.
11:07 of 1st period - Stopped by Frederik Andersen without a rebound.
11:08 of 1st period - Milan Lucic wins face-off versus Henrik Zetterberg in Rangers zone.
11:48 of 1st period - Matt Delahey is hit by Nino Niederreiter and loses puck.
12:39 of 1st period - Penalty to Richard Panik is over, Richard Panik is back on ice.
12:49 of 1st period - Snap shot by T.J Galiardi.
12:49 of 1st period - Stopped by Robin Lehner with a rebound.
13:31 of 1st period - Magnus Paajarvi is hit by Ole-Kristian Tollefsen and loses puck.
15:07 of 1st period - Brett Ponich is hit by David Rundblad and loses puck.
15:27 of 1st period - Icing by David Rundblad.
15:28 of 1st period - Mike Richards wins face-off versus Sean Couturier in Red Wings zone.
18:22 of 1st period - Michael Haley is hit by Richard Panik and loses puck.
18:55 of 1st period - Icing by Ole-Kristian Tollefsen.
18:56 of 1st period - Dylan Larkin wins face-off versus Tomas Hertl in Red Wings zone.
19:18 of 1st period - Nino Niederreiter is hit by Ryan Strome and loses puck.
19:56 of 1st period - Minor Penalty to Magnus Paajarvi for Roughing.
19:57 of 1st period - Milan Lucic wins face-off versus Henrik Zetterberg in Rangers zone.
Goals for this period are 0 for Red Wings vs 0 for Rangers.
Shots for this period are 3 for Red Wings vs 6 for Rangers.
2nd period
0:01 of 2nd period - Milan Lucic wins face-off versus Marko Dano in neutral zone.
0:04 of 2nd period - Slapshot by Dmitry Kulikov.
0:04 of 2nd period - Shot Misses the Net.
1:49 of 2nd period - Snap shot by T.J Galiardi.
1:49 of 2nd period - Stopped by Robin Lehner without a rebound.
1:50 of 2nd period - Mike Richards wins face-off versus T.J Galiardi in Red Wings zone.
1:56 of 2nd period - Penalty to Magnus Paajarvi is over, Magnus Paajarvi is back on ice.
2:09 of 2nd period - Snap shot by Artem Anisimov.
2:09 of 2nd period - Goal by Artem Anisimov - Red Wings : 0 - Rangers : 1.
2:10 of 2nd period - Sean Couturier wins face-off versus Henrik Zetterberg in neutral zone.
2:13 of 2nd period - Slapshot by Milan Lucic.
2:13 of 2nd period - Shot Blocked by Philip Samuelsson.
2:15 of 2nd period - Wrist shot by Milan Lucic.
2:15 of 2nd period - Shot Blocked by Henrik Zetterberg.
2:17 of 2nd period - Snap shot by Ryan Strome.
2:17 of 2nd period - Goal by Ryan Strome - Red Wings : 0 - Rangers : 2.
2:18 of 2nd period - Sean Couturier wins face-off versus Henrik Zetterberg in neutral zone.
2:23 of 2nd period - Snap shot by Ryan Strome.
2:23 of 2nd period - Shot Blocked by Philip Samuelsson.
2:25 of 2nd period - Slapshot by Dmitry Kulikov.
2:25 of 2nd period - Deflect By Milan Lucic.
2:25 of 2nd period - Stopped by Robin Lehner without a rebound.
2:26 of 2nd period - Henrik Zetterberg wins face-off versus Sean Couturier in Red Wings zone.
2:30 of 2nd period - Off-side.
2:31 of 2nd period - Sean Couturier wins face-off versus Henrik Zetterberg in neutral zone.
2:38 of 2nd period - Philip Samuelsson is hit by Dmitry Kulikov and loses puck.
3:21 of 2nd period - Patrice Bergeron is hit by Carson Mcmillan and loses puck.
4:04 of 2nd period - Slapshot by Matt Delahey.
4:04 of 2nd period - Stopped by Robin Lehner without a rebound.
4:05 of 2nd period - T.J. Hensick wins face-off versus Sean Couturier in Red Wings zone.
4:12 of 2nd period - Dmitry Kulikov is hit by Michael Haley and loses puck.
4:19 of 2nd period - Snap shot by Milan Lucic.
4:19 of 2nd period - Deflect By Sean Couturier.
4:19 of 2nd period - Shot Misses the Net.
4:19 of 2nd period - Puck is out of play.
4:20 of 2nd period - Henrik Zetterberg wins face-off versus Milan Lucic in Red Wings zone.
4:46 of 2nd period - Connor Brown is hit by Devante Smith-Pelly and loses puck.
4:55 of 2nd period - Devante Smith-Pelly is hit by Jakub Kindl and loses puck.
5:32 of 2nd period - Snap shot by Artem Anisimov.
5:32 of 2nd period - Shot Hit the Post.
5:39 of 2nd period - Minor Penalty to Drew Fata for Hooking.
5:40 of 2nd period - Sean Couturier wins face-off versus Kris Versteeg in Red Wings zone.
5:46 of 2nd period - Snap shot by Sean Couturier.
5:46 of 2nd period - Shot Misses the Net.
6:20 of 2nd period - Slapshot by Dmitry Kulikov.
6:20 of 2nd period - Shot Blocked by Jiri Fischer.
6:57 of 2nd period - Icing by Brett Ponich.
6:58 of 2nd period - Kris Versteeg wins face-off versus Sean Couturier in Rangers zone.
7:16 of 2nd period - Chris Bourque is hit by Ole-Kristian Tollefsen and loses puck.
7:39 of 2nd period - Penalty to Drew Fata is over, Drew Fata is back on ice.
7:47 of 2nd period - Nino Niederreiter is hit by T.J Galiardi and loses puck.
8:19 of 2nd period - Wrist shot by T.J. Hensick.
8:19 of 2nd period - Shot Misses the Net.
8:41 of 2nd period - Kris Versteeg is hit by Patrice Bergeron and loses puck.
9:15 of 2nd period - Snap shot by Devante Smith-Pelly.
9:15 of 2nd period - Shot Blocked by Nino Niederreiter.
9:29 of 2nd period - Snap shot by T.J. Hensick.
9:29 of 2nd period - Stopped by Frederik Andersen with a rebound.
9:43 of 2nd period - Minor Penalty to Jiri Fischer for Boarding.
9:44 of 2nd period - Sean Couturier wins face-off versus Kris Versteeg in Red Wings zone.
10:12 of 2nd period - Kris Versteeg is hit by Milan Lucic and loses puck.
10:35 of 2nd period - Wrist shot by Milan Lucic.
10:35 of 2nd period - Shot Blocked by Jakub Kindl.
10:37 of 2nd period - Snap shot by Brett Ponich.
10:37 of 2nd period - Shot Blocked by Jakub Kindl.
10:47 of 2nd period - Wrist shot by Milan Lucic.
10:47 of 2nd period - Stopped by Robin Lehner without a rebound.
10:48 of 2nd period - T.J. Hensick wins face-off versus Patrice Bergeron in Red Wings zone.
10:59 of 2nd period - Snap shot by T.J. Hensick.
10:59 of 2nd period - Stopped by Frederik Andersen without a rebound.
11:00 of 2nd period - Patrice Bergeron wins face-off versus T.J. Hensick in Rangers zone.
11:43 of 2nd period - Penalty to Jiri Fischer is over, Jiri Fischer is back on ice.
11:57 of 2nd period - Devante Smith-Pelly is hit by Henrik Zetterberg and loses puck.
12:30 of 2nd period - Slapshot by Jakub Kindl.
12:30 of 2nd period - Stopped by Frederik Andersen with a rebound.
12:32 of 2nd period - Slapshot by T.J. Hensick.
12:32 of 2nd period - Shot Misses the Net.
12:34 of 2nd period - Slapshot by Jakub Kindl.
12:34 of 2nd period - Stopped by Frederik Andersen with a rebound.
13:18 of 2nd period - Mike Richards is hit by Patrice Bergeron and loses puck.
14:12 of 2nd period - Snap shot by Henrik Zetterberg.
14:12 of 2nd period - Shot Blocked by Dmitry Kulikov.
14:15 of 2nd period - Icing by Steve Quailer.
14:16 of 2nd period - Henrik Zetterberg wins face-off versus Patrice Bergeron in Rangers zone.
14:43 of 2nd period - Steve Quailer is hit by Marko Dano and loses puck.
15:00 of 2nd period - Wrist shot by Marko Dano.
15:00 of 2nd period - Stopped by Frederik Andersen without a rebound.
15:01 of 2nd period - Mike Richards wins face-off versus Ryan Strome in Rangers zone.
15:47 of 2nd period - Jordin Tootoo is hit by Artem Anisimov and loses puck.
16:01 of 2nd period - David Rundblad is hit by Magnus Paajarvi and loses puck.
16:18 of 2nd period - Slapshot by Milan Lucic.
16:18 of 2nd period - Stopped by Robin Lehner without a rebound.
16:19 of 2nd period - Henrik Zetterberg wins face-off versus Sean Couturier in Red Wings zone.
16:19 of 2nd period - Henrik Zetterberg is hit by Milan Lucic.
16:29 of 2nd period - Slapshot by Philip Samuelsson.
16:29 of 2nd period - Stopped by Frederik Andersen with a rebound.
16:32 of 2nd period - Icing by Dmitry Kulikov.
16:33 of 2nd period - Henrik Zetterberg wins face-off versus Sean Couturier in Rangers zone.
16:42 of 2nd period - Slapshot by Dmitry Kulikov.
16:42 of 2nd period - Shot Misses the Net.
17:25 of 2nd period - Off-side.
17:26 of 2nd period - Patrice Bergeron wins face-off versus Dylan Larkin in neutral zone.
17:29 of 2nd period - Ryane Clowe is hit by Patrice Bergeron and loses puck.
17:38 of 2nd period - Snap shot by Patrice Bergeron.
17:38 of 2nd period - Shot Blocked by Jakub Kindl.
17:48 of 2nd period - Slapshot by Carson Mcmillan.
17:48 of 2nd period - Shot Misses the Net.
17:50 of 2nd period - Snap shot by Ryane Clowe.
17:50 of 2nd period - Stopped by Frederik Andersen without a rebound.
17:51 of 2nd period - Sean Couturier wins face-off versus Henrik Zetterberg in Rangers zone.
17:56 of 2nd period - Snap shot by Nino Niederreiter.
17:56 of 2nd period - Stopped by Frederik Andersen with a rebound.
18:14 of 2nd period - Nino Niederreiter is hit by Richard Panik and loses puck.
18:52 of 2nd period - Minor Penalty to Richard Panik for Hooking.
18:53 of 2nd period - Milan Lucic wins face-off versus Mike Richards in Rangers zone.
19:05 of 2nd period - Sean Couturier is hit by Connor Brown and loses puck.
Goals for this period are 0 for Red Wings vs 2 for Rangers.
Shots for this period are 8 for Red Wings vs 7 for Rangers.
3rd period
0:01 of 3rd period - Henrik Zetterberg wins face-off versus Milan Lucic in neutral zone.
0:08 of 3rd period - Wrist shot by Nino Niederreiter.
0:08 of 3rd period - Stopped by Frederik Andersen without a rebound.
0:09 of 3rd period - Milan Lucic wins face-off versus Marko Dano in Rangers zone.
0:09 of 3rd period - Milan Lucic is hit by Marko Dano.
0:25 of 3rd period - Snap shot by Henrik Zetterberg.
0:25 of 3rd period - Stopped by Frederik Andersen with a rebound.
0:48 of 3rd period - Wrist shot by Mike Richards.
0:48 of 3rd period - Shot Blocked by Milan Lucic.
0:52 of 3rd period - Penalty to Richard Panik is over, Richard Panik is back on ice.
1:20 of 3rd period - Slapshot by Tomas Hertl.
1:20 of 3rd period - Shot Misses the Net.
1:22 of 3rd period - Slapshot by Brett Ponich.
1:22 of 3rd period - Shot Misses the Net.
1:24 of 3rd period - Slapshot by Brett Ponich.
1:24 of 3rd period - Stopped by Robin Lehner without a rebound.
1:25 of 3rd period - Mike Richards wins face-off versus Tomas Hertl in Red Wings zone.
1:25 of 3rd period - Mike Richards is hit by Devante Smith-Pelly.
1:51 of 3rd period - Tomas Hertl is hit by Marko Dano and loses puck.
2:14 of 3rd period - Wrist shot by Sean Couturier.
2:14 of 3rd period - Shot Misses the Net.
2:16 of 3rd period - Snap shot by Ryan Strome.
2:16 of 3rd period - Shot Blocked by David Rundblad.
2:18 of 3rd period - Wrist shot by Milan Lucic.
2:18 of 3rd period - Shot Misses the Net.
3:14 of 3rd period - Wrist shot by Henrik Zetterberg.
3:14 of 3rd period - Shot Misses the Net.
3:26 of 3rd period - Marko Dano is hit by Brett Ponich and loses puck.
3:49 of 3rd period - Wrist shot by Connor Brown.
3:49 of 3rd period - Stopped by Frederik Andersen with a rebound.
3:51 of 3rd period - Slapshot by Ole-Kristian Tollefsen.
3:51 of 3rd period - Shot Blocked by Derrick Pouliot.
3:53 of 3rd period - Snap shot by Mike Richards.
3:53 of 3rd period - Deflect By Connor Brown.
3:53 of 3rd period - Stopped by Frederik Andersen with a rebound.
3:55 of 3rd period - Slapshot by Jiri Fischer.
3:55 of 3rd period - Shot Blocked by Tomas Hertl.
4:05 of 3rd period - Snap shot by Dylan Larkin.
4:05 of 3rd period - Deflect By Ryane Clowe.
4:05 of 3rd period - Stopped by Frederik Andersen with a rebound.
4:07 of 3rd period - Snap shot by Drew Fata.
4:07 of 3rd period - Stopped by Frederik Andersen with a rebound.
4:09 of 3rd period - Wrist shot by Dylan Larkin.
4:09 of 3rd period - Shot Hit the Post.
4:11 of 3rd period - Slapshot by Drew Fata.
4:11 of 3rd period - Stopped by Frederik Andersen without a rebound.
4:12 of 3rd period - Carson Mcmillan wins face-off versus Sean Couturier in Rangers zone.
4:15 of 3rd period - Slapshot by Carson Mcmillan.
4:15 of 3rd period - Deflect By Ryane Clowe.
4:15 of 3rd period - Stopped by Frederik Andersen with a rebound.
4:17 of 3rd period - Snap shot by Philip Samuelsson.
4:17 of 3rd period - Shot Misses the Net.
4:19 of 3rd period - Snap shot by Ryane Clowe.
4:19 of 3rd period - Shot Blocked by Patrik Nemeth.
4:21 of 3rd period - Snap shot by Philip Samuelsson.
4:21 of 3rd period - Stopped by Frederik Andersen with a rebound.
4:23 of 3rd period - Slapshot by Ryane Clowe.
4:23 of 3rd period - Deflect By Dylan Larkin.
4:23 of 3rd period - Shot Misses the Net.
4:23 of 3rd period - Puck is out of play.
4:24 of 3rd period - Sean Couturier wins face-off versus Mike Richards in Rangers zone.
4:33 of 3rd period - Wrist shot by Ryan Strome.
4:33 of 3rd period - Shot Misses the Net.
4:53 of 3rd period - Patrice Bergeron is hit by Henrik Zetterberg and loses puck.
4:58 of 3rd period - Snap shot by Henrik Zetterberg.
4:58 of 3rd period - Deflect By Marko Dano.
4:58 of 3rd period - Shot Blocked by Dmitry Kulikov.
4:58 of 3rd period - Puck is out of play.
4:59 of 3rd period - Patrice Bergeron wins face-off versus Henrik Zetterberg in Rangers zone.
5:03 of 3rd period - Off-side.
5:04 of 3rd period - Patrice Bergeron wins face-off versus Henrik Zetterberg in neutral zone.
6:13 of 3rd period - Snap shot by Nino Niederreiter.
6:13 of 3rd period - Stopped by Frederik Andersen without a rebound.
6:14 of 3rd period - Henrik Zetterberg wins face-off versus Sean Couturier in Rangers zone.
6:21 of 3rd period - Snap shot by Nino Niederreiter.
6:21 of 3rd period - Stopped by Frederik Andersen without a rebound.
6:22 of 3rd period - Sean Couturier wins face-off versus Henrik Zetterberg in Rangers zone.
7:46 of 3rd period - Wrist shot by Chris Bourque.
7:46 of 3rd period - Stopped by Robin Lehner without a rebound.
7:47 of 3rd period - Tomas Hertl wins face-off versus Mike Richards in Red Wings zone.
8:26 of 3rd period - Snap shot by Magnus Paajarvi.
8:26 of 3rd period - Shot Misses the Net.
8:46 of 3rd period - Wrist shot by Patrice Bergeron.
8:46 of 3rd period - Shot Misses the Net.
9:06 of 3rd period - Snap shot by Marko Dano.
9:06 of 3rd period - Shot Blocked by Brett Ponich.
9:08 of 3rd period - Slapshot by Henrik Zetterberg.
9:08 of 3rd period - Deflect By Marko Dano.
9:08 of 3rd period - Shot Blocked by Brett Ponich.
9:08 of 3rd period - Puck is out of play.
9:09 of 3rd period - Sean Couturier wins face-off versus Dylan Larkin in Rangers zone.
9:14 of 3rd period - Slapshot by Dmitry Kulikov.
9:14 of 3rd period - Deflect By Ryane Clowe.
9:14 of 3rd period - Stopped by Robin Lehner without a rebound.
9:15 of 3rd period - Sean Couturier wins face-off versus Dylan Larkin in Red Wings zone.
9:18 of 3rd period - Snap shot by Milan Lucic.
9:18 of 3rd period - Deflect By Ryan Strome.
9:18 of 3rd period - Stopped by Robin Lehner with a rebound.
9:51 of 3rd period - Jakub Kindl is hit by Ryan Strome and loses puck.
10:06 of 3rd period - Steve Quailer is hit by Michael Haley and loses puck.
10:29 of 3rd period - Connor Brown is hit by Matt Delahey and loses puck.
10:53 of 3rd period - Snap shot by Carson Mcmillan.
10:53 of 3rd period - Shot Misses the Net.
10:55 of 3rd period - Slapshot by Carson Mcmillan.
10:55 of 3rd period - Shot Misses the Net.
11:29 of 3rd period - Steve Quailer is hit by Drew Fata.
11:33 of 3rd period - Slapshot by Brett Ponich.
11:33 of 3rd period - Shot Blocked by T.J. Hensick.
11:35 of 3rd period - Snap shot by Patrice Bergeron.
11:35 of 3rd period - Shot Misses the Net.
11:37 of 3rd period - Snap shot by Chris Bourque.
11:37 of 3rd period - Shot Misses the Net.
11:39 of 3rd period - Slapshot by Steve Quailer.
11:39 of 3rd period - Shot Blocked by Philip Samuelsson.
11:41 of 3rd period - Slapshot by Morgan Ellis.
11:41 of 3rd period - Stopped by Robin Lehner without a rebound.
11:42 of 3rd period - Henrik Zetterberg wins face-off versus Sean Couturier in Red Wings zone.
11:47 of 3rd period - Derrick Pouliot is hit by Henrik Zetterberg and loses puck.
11:54 of 3rd period - Wrist shot by Nino Niederreiter.
11:54 of 3rd period - Stopped by Frederik Andersen with a rebound.
11:56 of 3rd period - Snap shot by David Rundblad.
11:56 of 3rd period - Stopped by Frederik Andersen with a rebound.
11:58 of 3rd period - Snap shot by Nino Niederreiter.
11:58 of 3rd period - Stopped by Frederik Andersen with a rebound.
13:04 of 3rd period - Snap shot by Nino Niederreiter.
13:04 of 3rd period - Deflect By Henrik Zetterberg.
13:04 of 3rd period - Shot Misses the Net.
13:04 of 3rd period - Puck is out of play.
13:05 of 3rd period - Sean Couturier wins face-off versus Henrik Zetterberg in Rangers zone.
13:32 of 3rd period - Slapshot by Kris Versteeg.
13:32 of 3rd period - Shot Misses the Net.
13:34 of 3rd period - Wrist shot by Jiri Fischer.
13:34 of 3rd period - Goal by Jiri Fischer - Red Wings : 1 - Rangers : 2.
13:35 of 3rd period - Henrik Zetterberg wins face-off versus Sean Couturier in neutral zone.
13:37 of 3rd period - Philip Samuelsson is hit by Sean Couturier and loses puck.
13:41 of 3rd period - Icing by Dmitry Kulikov.
13:42 of 3rd period - Henrik Zetterberg wins face-off versus Sean Couturier in Rangers zone.
13:43 of 3rd period - Slapshot by Nino Niederreiter.
13:43 of 3rd period - Shot Blocked by Ryan Strome.
13:51 of 3rd period - Wrist shot by Sean Couturier.
13:51 of 3rd period - Shot Misses the Net.
13:53 of 3rd period - Snap shot by Sean Couturier.
13:53 of 3rd period - Shot Blocked by Henrik Zetterberg.
13:55 of 3rd period - Slapshot by Milan Lucic.
13:55 of 3rd period - Stopped by Robin Lehner without a rebound.
13:56 of 3rd period - Sean Couturier wins face-off versus Henrik Zetterberg in Red Wings zone.
15:05 of 3rd period - Snap shot by Sean Couturier.
15:05 of 3rd period - Stopped by Robin Lehner without a rebound.
15:06 of 3rd period - Henrik Zetterberg wins face-off versus Sean Couturier in Red Wings zone.
15:31 of 3rd period - Drew Fata is hit by Devante Smith-Pelly and loses puck.
15:40 of 3rd period - Wrist shot by Tomas Hertl.
15:40 of 3rd period - Deflect By Philip Samuelsson.
15:40 of 3rd period - Stopped by Robin Lehner with a rebound.
15:42 of 3rd period - Slapshot by Matt Delahey.
15:42 of 3rd period - Stopped by Robin Lehner without a rebound.
15:43 of 3rd period - Dylan Larkin wins face-off versus Ryan Strome in Red Wings zone.
16:31 of 3rd period - Snap shot by Connor Brown.
16:31 of 3rd period - Shot Misses the Net.
16:35 of 3rd period - Wrist shot by Connor Brown.
16:35 of 3rd period - Shot Misses the Net.
16:37 of 3rd period - Slapshot by Drew Fata.
16:37 of 3rd period - Shot Misses the Net.
16:39 of 3rd period - Snap shot by Drew Fata.
16:39 of 3rd period - Deflect By Connor Brown.
16:39 of 3rd period - Stopped by Frederik Andersen without a rebound.
16:40 of 3rd period - Sean Couturier wins face-off versus Dylan Larkin in Rangers zone.
16:53 of 3rd period - Backhand shot by Milan Lucic.
16:53 of 3rd period - Stopped by Robin Lehner with a rebound.
17:01 of 3rd period - Ryane Clowe is hit by Sean Couturier and loses puck.
17:14 of 3rd period - Slapshot by Marko Dano.
17:14 of 3rd period - Shot Misses the Net.
18:36 of 3rd period - Red Wings, Robin Lehner is pulled from the net.
18:40 of 3rd period - Wrist shot by Dylan Larkin.
18:40 of 3rd period - Shot Misses the Net.
19:07 of 3rd period - Off-side.
19:08 of 3rd period - Terry Murray call a timeout for Red Wings.
19:08 of 3rd period - Henrik Zetterberg wins face-off versus T.J Galiardi in neutral zone.
19:15 of 3rd period - Snap shot by Henrik Zetterberg.
19:15 of 3rd period - Stopped by Frederik Andersen with a rebound.
19:31 of 3rd period - Snap shot by T.J Galiardi.
19:31 of 3rd period - Goal by T.J Galiardi - Red Wings : 1 - Rangers : 3.
19:31 of 3rd period - Robin Lehner from Red Wings was sent back in the game.
19:32 of 3rd period - Dylan Larkin wins face-off versus Tomas Hertl in neutral zone.
19:35 of 3rd period - Slapshot by Philip Samuelsson.
19:35 of 3rd period - Stopped by Frederik Andersen with a rebound.
19:57 of 3rd period - Patrice Bergeron is hit by Kris Versteeg and loses puck.
Goals for this period are 1 for Red Wings vs 1 for Rangers.
Shots for this period are 18 for Red Wings vs 11 for Rangers.